 Dungeon Crawl Stone Soup version 0.29-a0-359-g541a27f54d (webtiles) character file.

Game seed: 9491645257063593193

40 lunkers the Digger (level 3, 0/22 (24) HPs)
             Began as a Formicid Earth Elementalist on Apr 27, 2022.
             Slain by a gnoll
             ... wielding a +0 flail
              (9 damage)
             ... on level 1 of the Dungeon on Apr 28, 2022.
             The game lasted 00:02:10 (1410 turns).

lunkers the Digger (Formicid Earth Elementalist)    Turns: 1410, Time: 00:02:11

HP:   0/22 (24)     AC:  2    Str: 12    XL:     3   Next: 72%
MP:   4/7           EV: 12    Int: 16    God:
Gold: 80            SH:  0    Dex: 11    Spells: 6/7 levels left

rFire   . . .      SeeInvis +   j - +0 dagger
rCold   . . .      Faith    .   (no shield)
rNeg    . . .      Spirit   .   b - +0 robe
rPois   .          Reflect  .   (helmet unavailable)
rElec   .          Harm     .   (no cloak)
rCorr   .          Rampage  .   (no gloves)
Will    .....                   (no boots)
Stlth   ++........              (no amulet)
HPRegen 0.07/turn               (no ring)
MPRegen 0.10/turn               (no ring)

@: drained
A: permanent stasis, dig shafts and tunnels, antennae 3, four strong arms
a: Dig, Shaft Self


You were on level 1 of the Dungeon.
You visited 1 branch of the dungeon, and saw 2 of its levels.

You collected 80 gold pieces.

Inventory:

Hand Weapons
 j - a +0 dagger (weapon)
Missiles
 a - 88 stones
Armour
 b - a +0 robe (worn)
Scrolls
 d - a scroll of identify {unknown}
 e - a scroll of vulnerability {unknown}
 f - a scroll of magic mapping {unknown}
 h - a scroll of summoning {unknown}
 i - a scroll of amnesia {unknown}
Potions
 c - a potion of magic
 g - a potion of degeneration {unknown}


   Skills:
 - Level 1.7 Dodging
 - Level 2.4 Stealth
 + Level 2.8 Spellcasting
 - Level 1.1 Transmutations
 * Level 4.9 Earth Magic


You had 6 spell levels left.
You knew the following spells:

 Your Spells              Type           Power      Damage    Failure   Level
a - Sandblast             Erth           36%        2d10      2%          1

Your spell library contained the following spells:

 Spells                   Type           Power      Damage    Failure   Level
 Passwall                 Tmut/Erth      9%         N/A       9%          2
 Stone Arrow              Conj/Erth      20%        3d8       21%         3
 Petrify                  Tmut/Erth      11%        N/A       50%         4


Dungeon Overview and Level Annotations

Branches:
Dungeon (2/15)

Altars:


Innate Abilities, Weirdness & Mutations

You cannot be hasted, slowed, berserked, paralysed or teleported.
You can dig through walls and to a lower floor.
You have a pair of large antennae on your head. (SInv)
Your four strong arms can wield two-handed weapons with a shield.


Message History

There is a stone staircase leading up here.
There are monsters nearby!
Casting: Sandblast (safe; 2% risk of failure)
Confirm with . or Enter, or press ? or * to list all spells.
The blast of sand hits the gnoll.
The gnoll is lightly wounded.
The gnoll shouts! x2
Casting: Sandblast (safe; 2% risk of failure)
Confirm with . or Enter, or press ? or * to list all spells.
The blast of sand hits the gnoll.
The gnoll is heavily wounded.
Casting: Sandblast (safe; 2% risk of failure)
Confirm with . or Enter, or press ? or * to list all spells.
The blast of sand hits the gnoll!
You kill the gnoll!
The gnoll hits you with a +0 flail. The gnoll hits you with a +0 flail!
* * * LOW HITPOINT WARNING * * *
You climb upwards.
There is a stone staircase leading down here.
Unknown command.
Casting: Sandblast (safe; 2% risk of failure)
Confirm with . or Enter, or press ? or * to list all spells.
Okay, then.
You extend your mandibles.
You dig through the rock wall.
You feel drained. The gnoll attacks as you move away!
The gnoll closely misses you. The gnoll hits you with a +0 flail.
* * * LOW HITPOINT WARNING * * *
You retract your mandibles.
The gnoll attacks as you move away! The gnoll closely misses you.
The gnoll attacks as you move away! The gnoll closely misses you.
Casting: Sandblast (safe; 2% risk of failure)
Confirm with . or Enter, or press ? or * to list all spells.
Aiming: Sandblast (safe; 2% risk of failure)
Press: ? - help, Shift-Dir - straight line, f - gnoll
Aim: a gnoll, wielding a +0 flail (82% to hit)
The blast of sand hits the gnoll!
The gnoll is heavily wounded.
The gnoll hits you with a +0 flail!
You die...

...........#
#.......#.#######
...........#
#.#####.#.......#
#..........# #.#
#.#.#####.# #####.....##
#.# #.#######.#
##...###### #.#
#.........#
...#..#########.#
###########
)####...........# #....#
#####....8......#####.##.#
....#.##...##...@gg....#.#
'##.#..##.##...####.####.#
..#.##..#'#..#......>....#
..+.##..#'#..#.###########
..###..##⌠##...# ..#
#..+⌠<⌠+...# ..#
#..##⌠##...# ..#
##..#+#..#.#
######..#+#..#.#


You could see 2 gnolls.

Vanquished Creatures
  A gnoll (D:2)
  A dart slug (D:1)
  An endoplasm (D:1)
  A giant cockroach (D:1)
  2 goblins (D:1)
  A hobgoblin (D:1)
  7 jackals (D:1)
  3 kobolds (D:1)
  4 ball pythons (D:1)
  2 bats (D:1)
  2 frilled lizards (D:1)
  A rat (D:1)
26 creatures vanquished.

Notes
Turn   | Place    | Note
-------+----------+-------------------------------------------
     0 | D:1      | lunkers the Formicid Earth Elementalist began the quest for
                  | the Orb.
     0 | D:1      | Reached XP level 1. HP: 13/13 MP: 3/3
   112 | D:1      | Found a faded altar of an unknown god.
   172 | D:1      | Reached skill level 4 in Earth Magic
   172 | D:1      | Reached XP level 2. HP: 19/19 MP: 1/5
   640 | D:1      | Reached XP level 3. HP: 18/24 MP: 0/6
  1400 | D:2      | Found the +3 woodcutter's axe {vorpal}
  1410 | D:1      | Slain by a gnoll

Illustrated notes

Levels and vault maps discovered:
D:1:      grunt_arrival_crossed_arrows, layout_basic,
          hellmonk_ecumenical_altar_run_dry
D:2:      layout_basic, minmay_joined_circles, uniq_robin, uniq_terence

Skill      XL: |  1 |
---------------+----+-----
Earth Magic    | 4 |  4.9
Dodging        | |  1.7
Stealth        | |  2.4
Spellcasting   | |  2.8
Transmutations | |  1.1

Action                   || total
-------------------------++-------
Melee: Unarmed           ||    19
       Punch             ||     1
 Cast: Sandblast         ||    41
 Abil: Dig               ||     1
Armor: Robe              ||    14
Dodge: Dodged            ||    40

Table legend: (Time is in decaauts)
 A = Elapsed time spent in this place.
 B = Non-inter-level travel time spent in this place.
 C = Inter-level travel time spent in this place.
 D = Time resting spent in this place.
 E = Time spent auto-exploring this place.
 F = Levels seen in this place.
 G = Mean time per level.
                   A        B        C        D        E       F      G
               +--------+--------+--------+--------+--------+-----+--------+
         Total |   1409 |   1362 |     47 |     52 |   1156 |   2 |  704.5 |
       Dungeon |   1409 |   1362 |     47 |     52 |   1156 |   2 |  704.5 |
               +--------+--------+--------+--------+--------+-----+--------+

Top non-repeatable levels by time:
     D:1: 1405 daAuts
     D:2: 4 daAuts
